Map: [ESL] Dragon Scales

Players

Wayne

  • Race: Zerg Zerg
  • Spawn Location: 5:00

Serral - Winner!

  • Race: Zerg Zerg
  • Spawn Location: 11:00

Event: ESL SC2 Masters 2023 Summer (Regionals)

VOD

Have the link to the VOD?

Description

Time

  • Played on: May 10, 2023, 11:41 a.m.
  • Length: 18:40

All games in this series

Show
View Real Time Build Order
Export as new Build Order

Wayne Zerg 

Build Orders: Hatch First 

Get SALT Encoding   

  12  0:00  Drone  
  13  0:12  Overlord  
  13  0:16  Drone  
  14  0:30  Drone x2  
  16  0:47  Hatchery  
  15  0:50  Drone  
  15  0:53  Drone  
  15  0:56  Drone  
  18  1:07  Extractor  
  17  1:12  Spawning Pool  
  17  1:15  Drone  
  17  1:19  Drone  
  18  1:28  Drone  
  19  1:38  Drone  
  20  1:49  Drone  
  20  1:52  Evolution Chamber  
  20  1:59  Queen x2  
  20  2:00  Zergling x2  
  26  2:01  Drone  
  26  2:11  Drone  
  26  2:13  Overlord  
  27  2:18  Zerg Melee Weapons Level 1  
  27  2:20  Drone  
  28  2:32  Drone  
  28  2:33  Drone x2  
  28  2:35  Queen  
  33  2:45  Overlord  
  33  2:46  Drone  
  33  2:51  Metabolic Boost  
  34  2:55  Drone  
  34  2:56  Drone  
  36  3:04  Evolution Chamber  
  35  3:06  Drone  
  35  3:08  Drone x3  
  39  3:15  Drone  
  39  3:18  Drone  
  41  3:24  Overlord  
  41  3:25  Roach Warren  
  40  3:27  Zergling x6  
  43  3:34  Lair  
  43  3:39  Zergling x2  
  43  3:42  Evolution Chamber  
  43  3:43  Zergling x6  
  43  3:44  Extractor  
  44  3:48  Zergling x4  
  44  3:52  Zergling x6  
  49  3:58  Zergling x4  
  51  4:09  Overlord  
  51  4:10  Zergling x2  
  52  4:23  Extractor x2, Drone, Hatchery  
  50  4:24  Drone x2  
  49  4:35  Drone x2  
  44  4:40  Spire  
  44  4:41  Drone  
  44  4:45  Zergling x2  
  44  4:46  Zergling x4  
  44  4:52  Zergling x4  
  49  4:57  Zergling x2  
  49  4:58  Zergling x2  
  51  5:03  Zergling x4  
  49  5:08  Zergling x4  
  52  5:14  Drone x3  
  52  5:17  Drone  
  49  5:43  Drone x3  
  52  5:52  Mutalisk x6  
  64  5:58  Zerg Flyer Weapons Level 1  
  62  6:04  Overlord  
  62  6:18  Overlord  
  62  6:19  Overlord  
  62  6:24  Mutalisk  
  62  6:25  Mutalisk  
  66  6:31  Overlord  
  66  6:37  Mutalisk x4  
  66  6:39  Zergling x2  
  77  6:40  Zergling x4  
  77  6:45  Overlord  
  77  6:50  Mutalisk  
  77  6:51  Zergling x2  
  77  6:52  Zergling x4  
  82  7:01  Zergling x10  
  87  7:05  Mutalisk  
  89  7:08  Mutalisk  
  90  7:16  Mutalisk  
  90  7:20  Zergling x8  
  96  7:24  Mutalisk  
  98  7:36  Zergling x2  
  95  7:37  Zergling x10  
  95  7:41  Mutalisk  
  94  7:44  Mutalisk  
  94  7:51  Overlord  
  84  8:01  Mutalisk x2  
  84  8:04  Zergling x8  
  83  8:16  Mutalisk  
  83  8:18  Zergling x10  
  90  8:24  Evolution Chamber  
  90  8:25  Mutalisk  
  72  8:43  Drone x7  
  74  8:54  Drone x2  
  71  9:01  Drone  
  68  9:03  Drone  
  68  9:06  Drone  
  68  9:09  Drone  
  67  9:29  Zergling x14  
  73  9:37  Zergling x2  
  73  9:38  Zergling x4  
  76  9:42  Mutalisk  
  76  9:45  Mutalisk  
  78  9:47  Mutalisk  
  82  9:57  Zergling x8  
  82  10:02  Zergling x4  
  79  10:07  Mutalisk  
  79  10:10  Mutalisk  
  79  10:14  Drone x2  
  79  10:23  Drone x3  
  82  10:30  Drone  
  82  10:31  Drone x2  
  85  10:40  Zergling x8  
  88  10:51  Drone x3  
  88  10:52  Drone  
  80  11:08  Drone x7  
  83  11:23  Drone x3, Queen  
  90  11:35  Glial Reconstitution  
  90  11:38  Drone  
  90  11:39  Drone  
  90  11:43  Zergling x2  
  90  11:44  Zergling x6  
  90  11:46  Evolution Chamber  
  84  11:55  Zergling x14  
  84  12:03  Queen  
  77  12:10  Drone  
  76  12:18  Drone x4  
  80  12:36  Mutalisk x5  
  81  12:46  Zerg Missile Weapons Level 1  
  81  12:47  Drone x6  
  81  12:49  Queen  
  89  12:52  Queen  
  89  12:58  Zerg Ground Armor Level 1  
  91  13:02  Extractor, Drone  
  91  13:03  Roach  
  93  13:06  Roach  
  95  13:16  Hatchery  
  95  13:18  Drone x2  
  96  13:22  Drone x2  
  98  13:33  Roach, Overlord  
  98  13:34  Roach x2  
  102  13:37  Drone x3  
  102  13:38  Extractor, Drone  
  105  13:42  Infestation Pit  
  105  13:45  Overlord  
  105  13:48  Roach  
  106  13:50  Overseer  
  106  13:53  Drone  
  107  13:59  Overlord  
  107  14:00  Drone x2  
  107  14:01  Drone x2  
  111  14:03  Roach  
  111  14:04  Roach  
  115  14:11  Infestation Pit  
  115  14:13  Roach x2  
  115  14:14  Ravager  
  115  14:15  Ravager x3  
  120  14:25  Roach x5  
  131  14:31  Hive  
  131  14:33  Overlord  
  131  14:34  Ravager x3  
  131  14:36  Pneumatized Carapace  
  134  14:40  Zerg Missile Weapons Level 2  
  134  14:45  Drone  
  135  14:46  Drone  
  135  14:47  Hydralisk Den  
  136  14:52  Drone  
  136  14:53  Drone x3  
  136  14:54  Overlord  
  136  14:57  Drone  
  136  14:58  Drone x2  
  142  15:00  Extractor  
  142  15:01  Extractor  
  142  15:04  Roach x2  
  144  15:10  Overlord  
  144  15:12  Zerg Ground Armor Level 2  
  144  15:14  Drone  
  144  15:18  Lurker Den  
  144  15:25  Roach  
  144  15:26  Roach x3  
  152  15:30  Drone  
  152  15:31  Spine Crawler  
  152  15:41  Roach x6  
  160  15:54  Overlord x3  
  158  16:12  Viper x6  
  174  16:20  Overlord  
  174  16:28  Hatchery, Spore Crawler, Drone  
  174  16:29  Drone  
  174  16:30  Spine Crawler x2, Spore Crawler  
  174  16:32  Spine Crawler  
  168  16:35  Roach x3  
  168  16:37  Overseer  
  174  16:46  Roach x4  
  176  17:00  Roach x2  
  176  17:01  Roach x2  
  168  17:07  Roach x3  
  158  17:19  Roach  
  158  17:20  Roach x3  
  157  17:23  Roach  
  154  17:43  Roach x7  
  168  17:50  Drone  
  169  17:51  Extractor  
  168  18:05  Hatchery  
  167  18:07  Roach x3  
  167  18:10  Overseer x2  
Show
View Real Time Build Order
Export as new Build Order

Serral Zerg - Winner!

Build Orders: Hatch First, Lurkers 

Get SALT Encoding   

  12  0:00  Drone  
  13  0:13  Overlord  
  13  0:18  Drone  
  14  0:32  Drone x2  
  16  0:49  Hatchery  
  15  0:53  Drone  
  15  0:57  Drone  
  17  0:59  Drone  
  18  1:11  Extractor  
  17  1:15  Spawning Pool  
  16  1:18  Drone  
  16  1:21  Drone  
  18  1:29  Drone  
  19  1:39  Drone  
  20  1:50  Drone  
  21  2:02  Queen x2  
  21  2:03  Overlord, Zergling x2  
  26  2:10  Metabolic Boost  
  26  2:11  Drone  
  26  2:12  Drone  
  29  2:22  Zergling x2  
  29  2:24  Drone  
  30  2:35  Hatchery  
  29  2:37  Drone  
  30  2:46  Drone  
  30  2:47  Baneling Nest  
  30  2:48  Drone  
  30  2:56  Overlord  
  30  2:58  Zergling x2  
  31  2:59  Drone  
  32  3:11  Zergling x6  
  35  3:16  Drone x4  
  39  3:22  Drone x2  
  39  3:24  Roach Warren  
  41  3:30  Drone x2  
  43  3:37  Overlord  
  43  3:45  Overlord  
  43  3:47  Queen  
  43  3:48  Extractor, Drone x3  
  48  3:49  Drone  
  48  3:52  Evolution Chamber  
  48  3:54  Drone  
  48  3:57  Drone x2  
  48  4:02  Drone x3  
  53  4:11  Drone  
  53  4:12  Extractor  
  53  4:14  Zergling x4  
  55  4:17  Zergling x10  
  55  4:21  Overlord  
  60  4:26  Zergling x6  
  62  4:32  Zergling x2  
  52  4:39  Roach x2  
  52  4:41  Zerg Missile Weapons Level 1  
  52  4:44  Roach  
  58  4:48  Roach  
  60  4:53  Lair  
  60  4:57  Drone  
  60  4:58  Drone  
  60  4:59  Drone x2  
  64  5:03  Drone x2  
  64  5:04  Drone  
  65  5:07  Overlord  
  65  5:10  Roach  
  65  5:13  Overlord  
  67  5:21  Roach x3  
  67  5:28  Overlord  
  73  5:34  Ravager x2  
  72  5:37  Roach x3  
  78  5:43  Queen  
  78  5:44  Queen  
  78  5:48  Roach  
  78  5:49  Roach  
  86  5:53  Overseer  
  86  5:55  Drone x3  
  86  5:56  Drone x2  
  89  5:57  Drone x2  
  89  6:01  Overlord  
  89  6:03  Overseer  
  91  6:04  Glial Reconstitution  
  91  6:07  Overlord  
  91  6:08  Overseer  
  91  6:10  Overlord  
  91  6:14  Roach x2  
  95  6:22  Queen x2  
  98  6:28  Spore Crawler x2  
  98  6:30  Spore Crawler  
  98  6:31  Drone x2  
  97  6:35  Drone x2  
  97  6:38  Overlord  
  99  6:42  Zerg Missile Weapons Level 2  
  99  6:43  Drone x2  
  101  6:49  Infestation Pit  
  101  6:50  Drone  
  101  6:51  Drone x2, Overseer  
  101  6:52  Extractor  
  102  6:56  Overlord  
  102  6:59  Drone x2  
  104  7:01  Spore Crawler  
  104  7:04  Overlord  
  104  7:05  Drone x2  
  105  7:10  Queen  
  105  7:12  Roach x2  
  109  7:20  Roach, Spore Crawler  
  109  7:21  Roach x2  
  112  7:26  Overlord  
  112  7:28  Queen, Spore Crawler  
  113  7:31  Queen  
  113  7:34  Roach  
  113  7:36  Roach  
  113  7:42  Spore Crawler  
  106  7:46  Queen, Hydralisk Den  
  107  7:55  Roach, Spore Crawler  
  107  7:57  Roach  
  110  8:04  Queen  
  110  8:05  Roach x2  
  111  8:06  Queen  
  111  8:09  Spore Crawler  
  111  8:11  Roach x2  
  114  8:13  Overlord  
  114  8:16  Overlord  
  114  8:22  Overlord x2  
  114  8:24  Overlord  
  114  8:37  Queen  
  114  8:40  Queen, Infestor  
  103  8:42  Queen  
  89  8:57  Infestor  
  87  9:11  Spore Crawler  
  87  9:13  Queen  
  87  9:16  Roach  
  92  9:18  Queen  
  92  9:31  Roach x2  
  92  9:37  Spore Crawler  
  92  9:40  Roach x2  
  92  9:44  Spore Crawler  
  89  9:45  Spore Crawler  
  89  9:49  Queen  
  89  9:51  Roach x4  
  95  9:53  Queen  
  95  9:56  Roach  
  95  9:57  Roach  
  97  10:05  Roach x2  
  93  10:13  Hydralisk Den  
  82  10:24  Queen  
  84  10:29  Queen  
  86  10:43  Hatchery  
  86  10:44  Grooved Spines  
  85  10:53  Hydralisk x4  
  93  11:00  Queen  
  93  11:03  Hydralisk x2  
  93  11:05  Queen  
  93  11:06  Hydralisk  
  93  11:10  Spore Crawler  
  96  11:11  Hydralisk  
  96  11:20  Hydralisk  
  96  11:23  Hydralisk  
  99  11:34  Overlord x2  
  99  11:40  Overlord, Lurker Den  
  98  11:53  Overlord x2  
  98  11:59  Drone x4  
  98  12:01  Drone  
  99  12:04  Drone  
  99  12:06  Drone  
  99  12:07  Drone  
  88  12:09  Drone  
  88  12:11  Drone  
  88  12:13  Drone  
  83  12:21  Drone x3  
  86  12:24  Extractor  
  81  12:38  Drone x4  
  85  12:44  Lurker x7  
  85  12:47  Overseer  
  92  12:52  Drone  
  92  12:53  Drone x3  
  96  13:00  Roach Warren  
  96  13:02  Lurker  
  96  13:09  Drone x2  
  96  13:10  Drone  
  99  13:14  Drone x3  
  99  13:17  Extractor  
  99  13:18  Infestation Pit  
  99  13:19  Drone x4  
  104  13:28  Hydralisk x2  
  106  13:38  Hydralisk x3  
  106  13:40  Extractor  
  111  13:44  Muscular Augments  
  111  13:45  Drone x2  
  113  13:51  Drone x3  
  113  13:53  Overlord  
  116  13:59  Hive  
  116  14:03  Drone x2, Spore Crawler  
  116  14:05  Roach  
  116  14:08  Roach  
  121  14:13  Roach x3  
  127  14:20  Roach x3  
  127  14:23  Drone x2  
  130  14:30  Drone  
  130  14:31  Drone, Spore Crawler  
  132  14:34  Roach  
  132  14:35  Roach  
  135  14:46  Overlord x3  
  135  14:57  Roach x3  
  135  14:59  Overlord  
  141  15:00  Overseer  
  141  15:06  Nydus Network  
  140  15:15  Lurker, Seismic Spines  
  140  15:16  Lurker x5  
  146  15:29  Roach x3  
  146  15:31  Hatchery  
  152  15:36  Roach x2  
  152  15:41  Roach x2  
  160  15:44  Hatchery  
  160  15:48  Overlord  
  160  15:49  Overlord x2  
  159  15:57  Pneumatized Carapace  
  159  16:04  Viper x2  
  159  16:09  Overseer  
  165  16:16  Nydus Canal  
  165  16:27  Hatchery  
  165  16:30  Spore Crawler  
  165  16:31  Hydralisk x4  
  172  16:35  Roach x2  
  176  16:40  Overseer  
  176  16:43  Roach x2  
  178  16:55  Nydus Canal  
  178  16:58  Roach  
  178  17:00  Roach x2  
  167  17:01  Roach  
  167  17:04  Roach  
  167  17:05  Roach  
  164  17:11  Roach x2  
  164  17:15  Roach  
  162  17:18  Roach  
  158  17:27  Hydralisk x2  
  152  17:31  Hydralisk  
  152  17:35  Hydralisk  
  143  17:46  Extractor, Drone x3  
  143  17:48  Overseer  
  145  17:57  Hydralisk x2  
  149  18:07  Hydralisk x2  
  149  18:08  Spore Crawler  
Tags
 
Add a new tag
Caveats
  • Supply blocks, unpowered buildings, or Contaminate may cause inaccurate times.
  • Supply counts are checked every 10 seconds.